 Dungeon Crawl Stone Soup version 0.23.2-40-g277498a001 (webtiles) character file.

Game seed: 13229183364215840186

8593 FishyPogo the Blocker (level 11, -9/135 HPs)
             Began as a Barachi Berserker on Aug 25, 2019.
             Was an Elder of Trog.
             Mangled by an orc warlord
             ... wielding a +1 great sword of protection
              (24 damage)
             ... on level 9 of the Dungeon.
             The game lasted 00:42:06 (10914 turns).

FishyPogo the Blocker (Barachi Berserker)          Turns: 10914, Time: 00:42:07

Health: -9/135     AC: 14    Str: 24    XL:     11   Next: 33%
Magic:  5/5        EV: 19    Int:  8    God:    Trog [****..]
Gold:   592        SH:  0    Dex: 14    Spells: 10/10 levels left

rFire    . . .     SeeInvis .   a - +3 executioner's axe (antimagic)
rCold    + . .     Gourm    .   (shield currently unavailable)
rNeg     + . .     Faith    .   x - +4 ring mail {rC+}
rPois    .         Spirit   .   p - +0 helmet
rElec    .         Reflect  .   V - +0 cloak
rCorr    .         Harm     .   (no gloves)
MR       .....                  T - +0 pair of boots
Stlth    ..........             (no amulet)
HPRegen  0.32/turn              W - ring of positive energy
MPRegen  0.09/turn              j - +3 ring of evasion

@: berserking (expiring), quick
A: +LOS, swims, slowness 1, strong legs 1
a: Hop, Berserk, Trog's Hand, Brothers in Arms, Renounce Religion


You were on level 9 of the Dungeon.
You worshipped Trog.
Trog was greatly pleased with you.
You were not hungry.

You visited 2 branches of the dungeon, and saw 12 of its levels.

You collected 592 gold pieces.

Inventory:

Hand Weapons
 a - a +3 antimagic executioner's axe (weapon)
 K - a +1 broad axe of flaming
Missiles
 d - 327 stones (quivered)
 O - 7 steel javelins
 P - a throwing net
 Z - 2 tomahawks
Armour
 p - a +0 helmet (worn)
 t - a +0 ring mail
 w - a +0 shield
 x - a +4 ring mail of cold resistance (worn)
 F - a +0 large shield
 T - a +0 pair of boots (worn)
 V - a +0 cloak (worn)
Jewellery
 j - a +3 ring of evasion (right hand)
 k - an uncursed ring of ice
 r - a +3 ring of protection
 A - a +3 ring of dexterity
 C - an uncursed ring of positive energy
 W - a ring of positive energy (left hand)
Wands
 o - a wand of acid (6)
 L - a wand of flame (23)
 N - a wand of paralysis (19)
 X - a wand of disintegration (21)
Scrolls
 b - a scroll of blinking {unknown}
 e - a scroll of noise {unknown}
 g - 5 scrolls of remove curse
 h - 12 scrolls of identify {unknown}
 y - 3 scrolls of teleportation
 D - 2 scrolls of amnesia {unknown}
 E - a scroll of fear {unknown}
 G - 2 scrolls of enchant weapon {unknown}
 I - a scroll of fog {unknown}
 J - a scroll of magic mapping {unknown}
 Q - a scroll of summoning {unknown}
 S - a scroll of vulnerability {unknown}
 U - a scroll of enchant armour {unknown}
Potions
 f - a potion of berserk rage
 i - a potion of mutation {unknown}
 l - 2 potions of heal wounds
 m - a potion of invisibility {unknown}
 n - 3 potions of cancellation {unknown}
 q - 6 potions of curing
 s - 3 potions of ambrosia
 u - 3 potions of degeneration {unknown}
 v - 2 potions of brilliance
 z - 2 potions of lignification {unknown}
 B - 2 potions of agility
 H - a potion of magic {unknown}
 M - 2 potions of resistance {unknown}
 R - 2 potions of flight {unknown}
Comestibles
 c - 15 rations


   Skills:
 + Level 10.0 Fighting
 - Level 4.0 Axes
 + Level 4.3 Throwing
 + Level 7.7 Armour
 + Level 8.4 Dodging
 - Level 1.0 Stealth
 * Level 10.4 Shields
 * Level 5.6 Evocations


You had 10 spell levels left.
You didn't know any spells.
Your spell library was empty.

Dungeon Overview and Level Annotations

Branches:
Dungeon (11/15)            Temple (0/1) D:5             Orc (1/2) D:9
   Lair: D:8-11

Altars:
Dithmenos
Elyvilon
Fedhas
Kikubaaqudgha
Makhleb
Okawaru
Ru
Sif Muna
Trog
Xom

Annotations:
D:3 1 runed translucent door, Crazy Yiuf
D:5 1 runed translucent door


Innate Abilities, Weirdness & Mutations

Shadows flee at your approach. (+LOS)
You can swim through water.
You cover ground slowly.
You can hop short distances.


Message History

The orc warlord hits you with a +1 great sword of protection!!
* * * LOW HITPOINT WARNING * * *
You are too berserk!
You hit the orc warlord but do no damage.
The orc warlord is moderately wounded.
The orc warlord completely misses you.
You slice the orc warlord!!
The orc warlord is heavily wounded.
The orc warlord hits you with a +1 great sword of protection.
* * * LOW HITPOINT WARNING * * *
You slice the orc warlord!!
The orc warlord is severely wounded.
The orc warlord closely misses you.
You slash the orc warlord!
The orc warlord is almost dead.
The orc warlord closely misses you.
You barely miss the orc warlord.
The orc warlord is almost dead.
The orc warlord hits you with a +1 great sword of protection!!
You die...

......##.................########
......##.........##......#.......
......##.........##......#.......
########.........##.)....#.......
########..........#......#.#####.
......##.........................
......##.>..<....................
......##.........................
......##........@o........######.
......##...........>............#
......##.........................
......##..................#......
......##..................#......
#.....##..................#......
≈≈..#'##........)##......##......
≈≈≈.≈..#.........##......##.....#
≈≈≈≈≈..#.........##[########....#


You could see an orc warlord.

Vanquished Creatures
  A two-headed ogre (D:10)
  Nergalle (D:10)
  Maurice (D:9)
  A gargoyle (D:10)
  A troll (D:9)
  2 hornets (D:8)
  A vampire (D:10)
  6 yaks
  2 hungry ghosts (D:10)
  A warg (Orc:1)
  2 soldier ants (D:8)
  A water moccasin (D:9)
  A sky beast (D:7)
  6 orc warriors
  An ice beast (D:5)
  7 phantoms
  An eye of draining (D:9)
  2 ogres
  2 centaurs
  3 big kobolds
  5 bullfrogs
  A gnoll sergeant (D:8)
  2 wyvern skeletons
  6 killer bees (D:10)
  2 scorpions
  2 crimson imps
  A bullfrog zombie (D:6)
  A jelly (D:7)
  13 orc wizards
  A gnoll shaman (D:7)
  9 orc priests
  4 hounds
  5 iguanas
  Jessica (D:2)
  Natasha (thrice) (D:2)
  4 worker ants
  A killer bee zombie (D:8)
  2 hound zombies
  3 hound skeletons
  Robin (D:2)
  9 gnolls
  9 adders
  5 oozes
  2 worms
  9 leopard geckos
  41 orcs
  6 bats
  2 giant cockroaches
  5 hobgoblins
  4 jackals
  22 kobolds
  6 quokkas
  6 frilled lizards
  17 goblins
  A leopard gecko zombie (D:5)
  7 rats
261 creatures vanquished.

Notes
Turn   | Place    | Note
-------+----------+-------------------------------------------
     0 | D:1      | FishyPogo the Barachi Berserker began the quest for the
                  | Orb.
     0 | D:1      | Reached XP level 1. HP: 18/18 MP: 1/1
   147 | D:1      | Reached XP level 2. HP: 10/25 MP: 2/2
   444 | D:1      | Reached XP level 3. HP: 21/30 MP: 3/3
   790 | D:1      | Reached ** piety under Trog
  1138 | D:2      | Reached XP level 4. HP: 30/38 MP: 4/4
  1169 | D:2      | Noticed Jessica
  1172 | D:2      | Killed Jessica
  1244 | D:2      | Noticed Natasha
  1259 | D:2      | Killed Natasha
  1592 | D:2      | Noticed Natasha
  1601 | D:2      | Killed Natasha
  1601 | D:2      | Reached skill level 1 in Throwing
  1601 | D:2      | Reached XP level 5. HP: 33/43 MP: 5/5
  1775 | D:2      | Noticed Robin
  1793 | D:2      | Reached skill level 5 in Fighting
  1799 | D:2      | Killed Robin
  1867 | D:2      | Noticed Natasha
  1878 | D:2      | Killed Natasha
  1964 | D:3      | Reached XP level 6. HP: 44/51 MP: 6/6
  2197 | D:3      | Reached *** piety under Trog
  2278 | D:3      | Found a runed translucent door.
  2279 | D:3      | Noticed Crazy Yiuf
  2441 | D:4      | Reached skill level 1 in Stealth
  2461 | D:4      | HP: 2/51 [orc priest/divine providence (9)]
  2799 | D:4      | Noticed a phantom
  2853 | D:4      | Killed a phantom
  2853 | D:4      | Reached skill level 1 in Shields
  2880 | D:4      | Reached XP level 7. HP: 53/57 MP: 7/7
  3461 | D:4      | Found a deep blue altar of Sif Muna.
  3619 | D:4      | Found a shimmering altar of Xom.
  3692 | D:5      | Entered Level 5 of the Dungeon
  3862 | D:5      | Found a staircase to the Ecumenical Temple.
  3936 | D:5      | Reached skill level 5 in Armour
  3937 | D:5      | Found a runed translucent door.
  3937 | D:5      | Noticed an angel
  3952 | D:5      | You fall through a shaft for 3 floors!
  4021 | D:8      | Reached skill level 5 in Dodging
  4021 | D:8      | Reached XP level 8. HP: 65/65 MP: 8/8
  4163 | D:7      | Found a blossoming altar of Fedhas.
  4955 | D:5      | Found a white marble altar of Elyvilon.
  5224 | D:6      | Found a burning altar of Makhleb.
  5232 | D:6      | Found an ancient bone altar of Kikubaaqudgha.
  5548 | D:7      | Reached **** piety under Trog
  5728 | D:7      | Reached XP level 9. HP: 40/73 MP: 9/9
  5760 | D:7      | Reached skill level 5 in Shields
  6108 | D:7      | Reached skill level 1 in Evocations
  6381 | D:8      | Noticed a gargoyle
  6560 | D:8      | Noticed a hornet
  6567 | D:8      | Killed a hornet
  6567 | D:8      | Noticed a hornet
  6571 | D:8      | Killed a hornet
  6925 | D:8      | Reached XP level 10. HP: 81/82 MP: 12/12
  6937 | D:8      | Reached ***** piety under Trog
  7176 | D:9      | Found a sacrificial altar of Ru.
  7177 | D:9      | Found an iron altar of Okawaru.
  7180 | D:9      | Found a bloodstained altar of Trog.
  7306 | D:9      | Found a staircase to the Orcish Mines.
  7306 | D:9      | Noticed Maurice
  7397 | D:9      | Found a shadowy altar of Dithmenos.
  7676 | D:9      | Received a gift from Trog
  8297 | D:9      | Found a sacrificial altar of Ru.
  8297 | D:9      | Found an iron altar of Okawaru.
  8298 | D:9      | Found a bloodstained altar of Trog.
  8419 | D:9      | Found a staircase to the Orcish Mines.
  8439 | D:9      | Found a shadowy altar of Dithmenos.
  8484 | D:9      | Killed Maurice
  9118 | D:10     | Entered Level 10 of the Dungeon
  9205 | D:10     | Received a gift from Trog
  9231 | D:10     | Noticed a gargoyle
  9240 | D:10     | Killed a gargoyle
  9399 | D:10     | Received a gift from Trog
  9416 | D:10     | Reached skill level 10 in Shields
  9424 | D:10     | Reached XP level 11. HP: 75/89 MP: 14/14
  9816 | D:10     | Noticed Nergalle
  9826 | D:10     | Reached skill level 5 in Evocations
  9830 | D:10     | Killed Nergalle
  9889 | D:10     | Noticed a two-headed ogre
 10048 | D:10     | Killed a two-headed ogre
 10194 | D:10     | Reached skill level 10 in Fighting
 10410 | D:11     | Noticed a red ugly thing
 10410 | D:11     | Noticed a skeletal warrior
 10410 | D:11     | Noticed a skeletal warrior
 10410 | D:11     | Noticed a skeletal warrior
 10413 | D:11     | Noticed a skeletal warrior
 10877 | Orc:1    | Entered Level 1 of the Orcish Mines
 10878 | Orc:1    | Noticed an orc warlord
 10914 | D:9      | Mangled by an orc warlord

Skill      XL: |  1  2  3  4  5  6  7  8  9 10 11 |
---------------+----------------------------------+-----
Fighting       | 4 5 6 7 8 9 10 | 10.0
Axes           | 4 |  4.0
Armour         | 3 4 5 6 7 |  7.7
Dodging        | 3 4 5 6 7 8 |  8.4
Throwing       | 1 2 3 4 |  4.3
Stealth        | 1 |  1.0
Shields        | 1 2 4 7 10 | 10.4
Evocations     | 3 4 5 |  5.6

Action                   |  1- 3 |  4- 6 |  7- 9 | 10-12 || total
-------------------------+-------+-------+-------+-------++-------
Melee: Hand axe          |   102 |   179 |   212 |       ||   493
       Broad axe         |       |       |   233 |   268 ||   501
       Executioner's axe |       |       |       |    84 ||    84
Throw: Stone             |    53 |    43 |    64 |    60 ||   220
Invok: Berserk           |     3 |     3 |     2 |     6 ||    14
       Brothers in Arms  |       |       |       |     2 ||     2
       Trog's Hand       |       |       |       |     1 ||     1
 Abil: Hop               |     4 |     2 |     2 |     1 ||     9
  Use: Potion            |       |       |     2 |     3 ||     5
       Scroll            |       |       |       |     2 ||     2
 Stab: Sleeping          |     2 |       |       |       ||     2
  Eat: Chunk             |     4 |     9 |    18 |    13 ||    44
       Ration            |       |       |       |     3 ||     3
Armor: Animal skin       |    21 |     2 |       |       ||    23
       Ring mail         |       |    46 |   131 |   186 ||   363
Dodge: Dodged            |    98 |   106 |   304 |   350 ||   858
Block: Shield            |       |       |   169 |   169 ||   338
